 Dungeon Crawl Stone Soup version 0.21-a0-401-g0b6bec4 (webtiles) character file.

86 CasualChangeling the Slasher (level 4, -9/39 HPs)
             Began as a Draconian Berserker on Oct 25, 2017.
             Was a Believer of Trog.
             Mangled by an ogre
             ... wielding a +0 giant club
              (25 damage)
             ... on level 3 of the Dungeon.
             The game lasted 00:11:15 (2001 turns).

CasualChangeling the Slasher (Draconian Berserker)  Turns: 2001, Time: 00:11:16

Health: -9/39      AC:  5    Str: 20    XL:     4   Next: 27%
Magic:  4/4        EV: 13    Int:  7    God:    Trog [**....]
Gold:   84         SH:  0    Dex: 11    Spells: 3/3 levels left

rFire    . . .     SeeInvis .   a - +0 falchion
rCold    . . .     Gourm    .   (no shield)
rNeg     . . .     Faith    .   (armour unavailable)
rPois    .         Spirit   .   (helmet restricted)
rElec    .         Reflect  .   (no cloak)
rCorr    .         Harm     .   (no gloves)
MR       .....                  (no boots)
Stlth    +.........             (no amulet)
HPRegen  0.13/turn              (no ring)
MPRegen  0.09/turn              (no ring)

@: no status effects
A: unfitting armour, cold-blooded, AC +5
a: Berserk, Trog's Hand, Burn Spellbooks, Renounce Religion


You were on level 3 of the Dungeon.
You worshipped Trog.
Trog was pleased with you.
You were not hungry.

You visited 1 branch of the dungeon, and saw 3 of its levels.

You collected 84 gold pieces.

Inventory:

Hand Weapons
 a - a +0 falchion (weapon)
Missiles
 c - 43 stones (quivered)
Scrolls
 d - a scroll of magic mapping {unknown}
 l - 2 scrolls of identify {unknown}
 n - a scroll of fog {unknown}
Potions
 e - 2 potions of heal wounds {unknown}
 f - 3 potions of agility {unknown}
 g - a potion of mutation {unknown}
 h - a potion of resistance {unknown}
 j - a potion of brilliance {unknown}
Comestibles
 b - a bread ration
 i - 2 meat rations
 k - 4 chunks of flesh
 m - a fruit


   Skills:
 + Level 3.6 Fighting
 * Level 4.2 Long Blades
 + Level 0.5 Throwing
 + Level 3.3 Dodging
 + Level 0.2 Stealth


You had 3 spell levels left.
You didn't know any spells.

Dungeon Overview and Level Annotations

Branches:
Dungeon (3/15)

Altars:
Xom


Innate Abilities, Weirdness & Mutations

Your plain brown scales are hard. (AC +5)
You cannot fit into any form of body armour.
You are cold-blooded and may be slowed by cold attacks.


Message History

You riposte.
You slash the goblin!
You kill the goblin!
Trog accepts your kill. The goblin hits you but does no damage.
You see here a dagger.
You hit the goblin.
The goblin is moderately wounded.
The goblin hits you.
You closely miss the goblin.
The goblin is moderately wounded.
You hit the goblin.
You kill the goblin!
Trog accepts your kill.
You closely miss the ogre. You tail-slap the ogre.
The ogre is lightly wounded.
The ogre hits you with a giant club!
The goblin moves out of view.
The ogre hits you with a giant club!!
Ouch! That really hurt!
You die...

#.# #.# #.# #.#
#.### #...#
##...####
#.g..gO.#
#)##.##@#
#.g.#.##.#####
#...##........
#..%#.<.....##
#####........#
..........#
............#
....[..........
..............#


You could see an ogre and 2 goblins.

Vanquished Creatures
  Jessica (D:2)
  An adder (D:2)
  An ooze (D:1)
  A worm (D:3)
  A dart slug (D:2)
  An orc (D:2)
  7 bats
  2 giant cockroaches (D:2)
  9 goblins
  6 hobgoblins
  A ball python (D:1)
  A frilled lizard (D:2)
  4 kobolds
  3 rats
39 creatures vanquished.

Notes
Turn   | Place    | Note
-------+----------+-------------------------------------------
     0 | D:1      | CasualChangeling the Draconian Berserker began the quest for the Orb.
     0 | D:1      | Reached XP level 1. HP: 19/19 MP: 1/1
    97 | D:1      | Found a shimmering altar of Xom.
   145 | D:1      | Reached XP level 2. HP: 14/26 MP: 2/2
  1163 | D:2      | Reached XP level 3. HP: 31/31 MP: 3/3
  1823 | D:2      | Noticed Jessica
  1824 | D:2      | Killed Jessica
  1824 | D:2      | Reached skill level 4 in Long Blades
  1824 | D:2      | Reached XP level 4. HP: 39/39 MP: 4/4
  1983 | D:3      | Noticed an ogre
  1986 | D:3      | Reached ** piety under Trog
  2001 | D:3      | Mangled by an ogre

Vault maps used:
D:1:      nicolae_arrival_memento_mori, xom_teletrap_fun
D:2:      uniq_jessica
D:3:      gup_sewer_entry_bubbles, minmay_ogre_servants

Skill      XL: |  1  2  3 |
---------------+----------+-----
Dodging        | 3 |  3.3
Long Blades    | 4 |  4.2
Fighting       | |  3.6
Throwing       | |  0.5
Stealth        | |  0.2

Action                   |  1- 3 |  4- 6 || total
-------------------------+-------+-------++-------
Melee: Falchion          |    70 |    15 ||    85
       Tailslap          |    10 |     2 ||    12
Throw: Stone             |    11 |       ||    11
  Use: Scroll            |     2 |       ||     2
  Eat: Chunk             |     3 |       ||     3
Armor: Skin              |    25 |     3 ||    28
Dodge: Dodged            |    55 |    12 ||    67
       Rpst.: Falchion   |    18 |     5 ||    23

Table legend:
 A = Spawn XP
 B = Non-spawn XP
 C = Spawn XP percentage of total XP
 D = Spawn monster count
 E = Non-spawn monster count
 F = Spawn count percentage of total count
 G = Total turns spent on level
                    A         B        C        D         E        F      G
               +---------+---------+-------+---------+---------+-------+---------
         Total |       0 |     124 |   0.0 |       0 |      39 |   0.0 |  2001
               +---------+---------+-------+---------+---------+-------+---------
           D:1 |       0 |      34 |   0.0 |       0 |      18 |   0.0 |   784
           D:2 |       0 |      74 |   0.0 |       0 |      14 |   0.0 |  1167
           D:3 |       0 |      16 |   0.0 |       0 |       7 |   0.0 |    50
               +---------+---------+-------+---------+---------+-------+---------
